 Dungeon Crawl Stone Soup version 0.30.0-29-ga12c61a403 (webtiles) character file.

Game seed: 16242530876038360565

619 ChadusMaximus the Chopper (level 7, -7/61 HPs)
             Began as a Minotaur Fighter on June 11, 2023.
             Mangled by Menkaure (10 damage)
             ... on level 5 of the Dungeon.
             The game lasted 00:02:24 (3205 turns).

ChadusMaximus the Chopper (Minotaur Fighter)        Turns: 3205, Time: 00:02:25

Health: -7/61      AC:  7    Str: 22    XL:     7   Next: 21%
Magic:  6/6        EV:  9    Int:  5    God:
Gold:   197        SH:  5    Dex: 10    Spells: 6/6 levels left

rFire   . . .        a - +0 war axe
rCold   . . .        c - +0 buckler
rNeg    . . .        b - +0 scale mail
rPois   .            (helmet restricted)
rElec   .            (no cloak)
rCorr   .            (no gloves)
SInv    .            (no boots)
Will    .....        (no amulet) Stlth
                     k - ring of flight
HPRegen 0.30/turn    (no ring)
MPRegen 0.10/turn

%: no passive effects
@: flying
A: horns 2, retaliatory headbutt
a: no special abilities


You were on level 5 of the Dungeon.
You visited 1 branch of the dungeon, and saw 5 of its levels.

You collected 197 gold pieces.

Inventory:

Hand Weapons
 a - a +0 war axe (weapon)
Missiles
 e - 6 javelins (quivered)
 n - 2 boomerangs
 q - a throwing net
Armour
 b - a +0 scale mail (worn)
 c - a +0 buckler (worn)
Jewellery
 k - a ring of flight (left hand)
Wands
 l - a wand of paralysis (10)
Scrolls
 g - a scroll of vulnerability {unknown}
 h - a scroll of identify
 i - a scroll of poison {unknown}
 m - a scroll of enchant armour {unknown}
 p - 4 scrolls of blinking
Potions
 d - a potion of might
 f - 4 potions of curing {unknown}
 j - a potion of berserk rage {unknown}
 o - a potion of mutation {unknown}


   Skills:
 + Level 5.5 Fighting
 * Level 6.2 Axes
 + Level 5.6 Armour
 + Level 5.5 Shields


You had 6 spell levels left.
You didn't know any spells.
Your spell library contained the following spells:

 Spells                   Type           Power      Damage    Failure   Level
 Beastly Appendage        Tmut           0%         N/A       85%         1
 Wereblood                Tmut           0%         N/A       94%         2
 Spider Form              Tmut/Pois      0%         N/A       99%         3


Dungeon Overview and Level Annotations

Branches:
Dungeon (5/15)
 Temple: D:4-7

Altars:
Kikubaaqudgha
Xom
Zin

Shops:
D:2 =   D:3 (*([

Annotations:
D:5 Menkaure


Innate Abilities, Weirdness & Mutations

You have a pair of horns on your head.
You reflexively headbutt those who attack you in melee.


Message History

There are monsters nearby!
You slash the ogre!
The ogre is severely wounded.
You hear an angry hiss.
Menkaure, Prince of Dust comes into view.
The ogre closely misses you.
You slash the ogre!
The ogre is almost dead.
An adder comes into view.
There are monsters nearby!
Unknown command.
There are monsters nearby!
You hit the ogre but do no damage.
The ogre is almost dead.
You barely miss the orc. The ogre closely misses you.
Menkaure calls on the powers of darkness!
The orc convulses!
Your body is wracked with pain!
The adder convulses!
You block the orc's attack.
You are too injured to fight recklessly!
There are monsters nearby!
Unknown command.
You are too injured to fight recklessly!
The orc attacks as you move away! The orc hits you with a +0 flail.
* * * LOW HITPOINT WARNING * * *
Menkaure mumbles some strange words.
Menkaure seems to speed up.
The orc attacks as you move away! You block the orc's attack.
The orc attacks as you move away! The orc hits you but does no damage.
Menkaure attacks as you move away! Menkaure hits you.
* * * LOW HITPOINT WARNING * * *
The orc attacks as you move away! The orc hits you but does no damage.
Menkaure attacks as you move away! Menkaure hits you!
* * * LOW HITPOINT WARNING * * *
As you read the scroll labelled NALEAR RAERI, it crumbles to dust.
It is a scroll of identify.
p - 4 scrolls of blinking Menkaure hits you.
* * * LOW HITPOINT WARNING * * *
Menkaure hits you!
You die...

#..###...###..## #####
##.............## ##...#
#..............####....##
#.......†...#...........##
#.###...###.##............
#.# #..S# #.##............
#.###..O###.##............
#......oM...##....#.......
#########@.###...###......
##......## ##...#.
#####..# #..... #..#
#..##. #..# #..##. #..#
#).##. #..# ##..... #..#
#..##.. #..# #..#...


You could see an ogre, Menkaure (fast), an adder and an orc.

Vanquished Creatures
  Sigmund (D:4)
  2 ogres (D:5)
  3 crimson imps (D:4)
  A jelly (D:4)
  3 gnolls (D:5)
  7 adders
  2 dart slugs (D:1)
  4 orcs
  3 endoplasms
  3 giant cockroaches
  4 goblins
  5 hobgoblins
  2 jackals (D:2)
  4 kobolds
  3 quokkas
  7 ball pythons
  5 bats
  2 frilled lizards
  4 rats
65 creatures vanquished.

Notes
Turn   | Place    | Note
-------+----------+-------------------------------------------
     0 | D:1      | ChadusMaximus the Minotaur Fighter began the quest for the
                  | Orb.
     0 | D:1      | Reached XP level 1. HP: 19/19 MP: 0/0
   237 | D:1      | Reached XP level 2. HP: 26/27 MP: 1/1
   586 | D:2      | Found Lostrete's Jewellery Emporium.
   604 | D:2      | Reached skill level 3 in Axes
   633 | D:2      | Reached XP level 3. HP: 33/33 MP: 2/2
   827 | D:2      | Identified the +1 leather armour "Taruop" {rC++ Int+4
                  | Dex-2}
  1232 | D:3      | Found Jitt's Armour Emporium.
  1234 | D:3      | Found Votutut's Antique Weapon Shoppe.
  1292 | D:3      | Found an ancient bone altar of Kikubaaqudgha.
  1443 | D:3      | Reached XP level 4. HP: 33/40 MP: 3/3
  1497 | D:3      | Found Juheg's Weapon Shop.
  1547 | D:3      | Found Ycvabon's General Store.
  1896 | D:4      | Noticed Sigmund
  2183 | D:4      | Killed Sigmund
  2184 | D:4      | Reached skill level 4 in Axes
  2184 | D:4      | Reached XP level 5. HP: 34/47 MP: 4/4
  2186 | D:4      | Reached skill level 5 in Axes
  2186 | D:4      | Reached XP level 6. HP: 25/55 MP: 5/5
  2376 | D:4      | Reached skill level 5 in Armour
  2579 | D:4      | Found a glowing silver altar of Zin.
  2634 | D:4      | Found a shimmering altar of Xom.
  2645 | D:4      | Reached skill level 5 in Fighting
  2645 | D:4      | Reached skill level 5 in Shields
  2715 | D:4      | Identified the +11 quarterstaff of the Snake Pit {freeze,
                  | rPois rN+ Will- Int+6}
  2903 | D:5      | Entered Level 5 of the Dungeon
  3017 | D:5      | Reached XP level 7. HP: 61/61 MP: 6/6
  3018 | D:5      | Reached skill level 6 in Axes
  3189 | D:5      | Noticed Menkaure
  3205 | D:5      | HP: 3/61 [Menkaure (3)]
  3205 | D:5      | Mangled by Menkaure

Illustrated notes

Levels and vault maps discovered:
D:1:      lemuel_arrival_room, layout_basic
D:2:      layout_rooms, serial_shops, nicolae_square_shop, bh_walls_and_bars
D:3:      layout_loops_ring, kiku_gazebo_garden_becter, serial_shops,
          nicolae_shop_scrapyard, shop, shop_statue, shop
D:4:      layout_loops_ring, zin_statuary, led_xom_imps, uniq_sigmund
D:5:      layout_layer_cave, hangedman_abyss_or_decor_slice,
          minmay_misc_feat_cross, minmay_manual_mess, uniq_menkaure

Skill      XL: |  1  2  3  4  5  6  7 |
---------------+----------------------+-----
Armour         | 4 5 |  5.6
Fighting       | 4 5 |  5.5
Shields        | 4 5 |  5.5
Axes           | 3 4 5 6 |  6.2

Action                     |  1- 3 |  4- 6 |  7- 9 || total
---------------------------+-------+-------+-------++-------
  Melee: War axe           |    92 |    69 |    13 ||   174
         Headbutt          |    13 |    10 |     3 ||    26
    Use: Scroll            |       |       |     1 ||     1
 Armour: Scale mail        |    46 |    29 |     4 ||    79
  Dodge: Dodged            |    46 |    23 |     4 ||    73
  Block: Buckler           |    20 |    12 |     4 ||    36
